 Dungeon Crawl Stone Soup version 0.18-a0-1454-g5e6cd1e (webtiles) character file.

201 MenacingMecha the Chopper (level 5, -4/45 HPs)
             Began as a Hill Orc Fighter on Mar 1, 2016.
             Slain by a sky beast (6 damage)
             ... on level 4 of the Dungeon.
             The game lasted 00:08:30 (2316 turns).

MenacingMecha the Chopper (Hill Orc Fighter)        Turns: 2316, Time: 00:08:31

Health: -4/45      AC:  6    Str: 25    XL:     5   Next: 79%
Magic:  5/5        EV: 12    Int:  8    God:
Gold:   159        SH: 15    Dex: 10    Spells: 0 memorised, 4 levels left

rFire  . . .     SeeInvis .     a - +0 war axe
rCold  . . .     Gourm    .     b - +0 scale mail
rNeg   . . .     Faith    .     c - +0 shield
rPois  .         Spirit   .     (no helmet)
rElec  .         Dismiss  .     (no cloak)
rCorr  .         Reflect  +     (no gloves)
SustAt .         Harm     .     (no boots)
MR     .....                    u - +6 amulet of reflection
Stlth  ..........               (no ring)
                                g - +5 ring of evasion

@: mighty, not resistant to hostile enchantments, extremely unstealthy
A: no striking features
a: no special abilities


You were on level 4 of the Dungeon.
You were not hungry.

You visited 1 branch of the dungeon, and saw 4 of its levels.

You collected 159 gold pieces.

Inventory:

Hand Weapons
 a - a +0 war axe (weapon)
Armour
 b - a +0 scale mail (worn)
 c - a +0 shield (worn)
 v - a +1 leather armour of poison resistance
Jewellery
 g - a +5 ring of evasion (left hand)
 u - a +6 amulet of reflection (around neck)
Wands
 s - a wand of acid (0/15)
Scrolls
 e - 2 scrolls of teleportation {unknown}
 h - 3 scrolls of remove curse
 i - a scroll of magic mapping {unknown}
 j - a scroll of enchant armour {unknown}
 k - a scroll of enchant weapon {unknown}
 l - a scroll of blinking {unknown}
 n - a scroll of identify {unknown}
 r - a scroll of noise {unknown}
 t - a scroll of amnesia {unknown}
 w - a scroll of recharging {unknown}
Potions
 d - 2 potions of might
 o - 2 potions of lignification {unknown}
 q - a potion of curing {unknown}
Comestibles
 f - 2 bread rations
 m - 4 chunks of flesh
 p - 3 meat rations


   Skills:
 - Level 3.6 Fighting
 + Level 7.7 Axes
 - Level 3.2 Armour
 - Level 3.2 Shields


You had 4 spell levels left.
You didn't know any spells.

Dungeon Overview and Level Annotations

Branches:
Dungeon (4/15)
 Temple: D:4-7

Altars:
Cheibriados
Gozag
Sif Muna
Zin

Annotations:
D:2 angel(behind trans rock wall)


Message History

Deactivating autopickup; reactivate with Ctrl-A.
Something hits you. Something shocks you.
You slash something! You hit the orc.
You kill the orc!
Something completely misses you. Something hits you but does no damage.
You hit something. Something hits you but does no damage.
You hit something. You block something's attack.
You barely miss something. Something hits you. Something shocks you.
* * * LOW HITPOINT WARNING * * *
You barely miss something. Something hits you but does no damage.
Drink which item? (? for menu, Esc to quit)
You feel very mighty all of a sudden. Something hits you.
* * * LOW HITPOINT WARNING * * *
Something shocks you.
* * * LOW HITPOINT WARNING * * *
You barely miss something. Something hits you.
* * * LOW HITPOINT WARNING * * *
Something shocks you.
You die...

.### ##..#
..######..## ..
#..#........ .
##.......# ##. #
###.##..# # #.. .#
#.>##..###. #.###.#
..
#.#......#.###.#...#
##
#...####.#....)..#
##### #.# #..@{# .
#.# #..).# .#
#.###....#
#>.......#### #
####..........
..........?......
.#######....#####
######


There were no monsters in sight!

Vanquished Creatures
  An orc priest (D:3)
  2 hounds (D:3)
  Terence (D:3)
  2 oozes (D:3)
  3 worms
  2 dart slugs
  A giant gecko (D:2)
  5 orcs
  8 bats
  6 giant cockroaches
  8 goblins
  7 hobgoblins
  5 kobolds
  3 giant newts
  5 rats
59 creatures vanquished.

Notes
Turn   | Place    | Note
--------------------------------------------------------------
     0 | D:1      | MenacingMecha the Hill Orc Fighter began the quest for the Orb.
     0 | D:1      | Reached XP level 1. HP: 19/19 MP: 1/1
   118 | D:1      | Reached skill level 3 in Axes
   213 | D:1      | Reached XP level 2. HP: 23/26 MP: 2/2
   274 | D:1      | Reached skill level 4 in Axes
   601 | D:1      | Reached XP level 3. HP: 25/31 MP: 3/3
  1067 | D:2      | Reached skill level 5 in Axes
  1178 | D:2      | Noticed an angel
  1179 | D:2      | Found a glowing silver altar of Zin.
  1632 | D:3      | Found a snail-covered altar of Cheibriados.
  1731 | D:3      | Reached XP level 4. HP: 39/39 MP: 4/4
  1779 | D:3      | Noticed Terence
  1787 | D:3      | Killed Terence
  1787 | D:3      | Reached skill level 6 in Axes
  1904 | D:3      | Found an opulent altar of Gozag.
  1905 | D:3      | Found a deep blue altar of Sif Muna.
  2010 | D:4      | Noticed a phantom
  2019 | D:3      | Reached XP level 5. HP: 45/45 MP: 5/5
  2037 | D:3      | Reached skill level 7 in Axes
  2295 | D:4      | Noticed a sky beast
  2316 | D:4      | HP: 2/45 [something (2)]
  2316 | D:4      | Slain by a sky beast

Vault maps used:
D:1:      dpeg_arrival_snail
D:2:      minmay_door_path, zin_angel, grunt_decor_one_mirror
D:3:      gammafunk_temple_overflow_statue, cheibriados_altar_1, uniq_terence
D:4:      first_bread, uniq_eustachio

Skill      XL: |  1  2  3  4  5 |
---------------+----------------+-----
Axes           | 3 4 5 6 7 |  7.7
Fighting       | |  3.6
Armour         | |  3.2
Shields        | |  3.2

Action                   |  1- 3 |  4- 6 || total
-------------------------+-------+-------++-------
Melee: War axe           |   116 |    69 ||   185
Evoke: Wand              |       |     2 ||     2
  Use: Scroll            |       |     1 ||     1
       Potion            |       |     1 ||     1
  Eat: Chunk             |     3 |     2 ||     5
